 Dungeon Sprint DCSS version 0.24-a0-246-gb963c9a (webtiles) character file.

Game seed: 16094761520708239063

22596 MikeHunt the Unseen (level 11, -2/52 (53) HPs)
             Began as a Felid Necromancer on Apr 12, 2019.
             Was the Champion of Nemelex Xobeh.
             Succumbed to poison (dark miasma)
             ... in the Dungeon (Sprint III: "The Ten Rune Challenge").
             The game lasted 00:46:03 (7227 turns).

MikeHunt the Unseen (Felid Necromancer)             Turns: 7227, Time: 00:46:05

HP:   -2/52 (53)    AC:  3    Str:  4    XL:     11   Next: 25%
MP:   27/27         EV: 30    Int: 17    God:    Nemelex Xobeh [******]
Gold: 2134          SH:  0    Dex: 21    Spells: 13/33 levels left
                                        Lives: 0   Deaths: 4

rFire    . . .     SeeInvis +     - Unarmed
rCold    + . .     Gourm    .   (shield unavailable)
rNeg     . . .     Faith    .   (armour unavailable)
rPois    .         Spirit   .   (helmet unavailable)
rElec    +         Reflect  .   (cloak unavailable)
rCorr    .         Harm     .   (gloves unavailable)
MR       +....     NoTele   +   (boots unavailable)
Stlth    ++++++++..             (no amulet)
HPRegen  0.17/turn              (no ring)
MPRegen  0.20/turn              (no ring)

@: lethally poisoned (-2 -> -55), slowed, slow
A: very small, no armour, no weapons or thrown items, stealth, antennae 1, claws
1, fangs 3, see invisible, carnivore, speed 1, shaggy fur 3, electricity
resistance, slow metabolism 1, sharp paws
}: 1/10 runes: serpentine
a: Draw Escape, Draw Destruction, Draw Summoning, Triple Draw, Deal Four, Stack
Five, Renounce Religion


You were in the Dungeon.
You worshipped Nemelex Xobeh.
Nemelex Xobeh was exalted by your worship.
You were not hungry.

You visited 1 branch You collected 3454 gold pieces.
You spent 1320 gold pieces at shops.

Inventory:

Scrolls
 i - 3 scrolls of holy word {unknown}
 j - a scroll of magic mapping {unknown}
 k - 3 scrolls of remove curse
Potions
 a - 3 potions of mutation
 c - a potion of ambrosia {unknown}
 d - 2 potions of heal wounds
 e - a potion of haste
 f - 3 potions of magic
 g - 2 potions of berserk rage
 l - a potion of degeneration {unknown}
 n - a potion of resistance {unknown}
 o - a potion of flight
 p - a potion of might
 q - a potion of lignification
Comestibles
 b - 14 rations
 m - 4 chunks of flesh {@w1}


   Skills:
 + Level 9.1 Fighting
 + Level 11.9 Dodging
 - Level 19.9 Stealth
 - Level 14.0 Unarmed Combat
 - Level 11.6 Spellcasting
 - Level 9.8 Conjurations
 - Level 13.8 Hexes
 - Level 5.5 Charms
 - Level 11.0 Necromancy
 - Level 6.6 Translocations
 + Level 15.4 Invocations
   Level 9.2 Evocations


You had 13 spell levels left.
You knew the following spells:

 Your Spells              Type           Power        Failure   Level  Hunger
b - Regeneration          Chrm/Necr      #####.....   1%          3    None
d - Vampiric Draining     Necr           #####.....   1%          3    None
e - Pain                  Necr           ####         1%          1    None
f - Bolt of Draining      Conj/Necr      #####.....   2%          5    #####..
i - Invisibility          Hex            ######..     3%          6    ######.
q - Blink                 Tloc           N/A          1%          2    None

Your spell library contained the following spells:

 Spells                   Type           Power        Failure   Level  Hunger
 Animate Skeleton         Necr           N/A          1%          1    None
 Apportation              Tloc           ####..       1%          1    None
 Magic Dart               Conj           ####         1%          1    None
 Corpse Rot               Necr           N/A          1%          2    None
 Slow                     Hex            ######..     1%          2    None
 Sublimation of Blood     Necr           #####.....   1%          2    None
 Lesser Beckoning         Tloc           ####......   1%          3    None
 Tukima's Dance           Hex            ######..     1%          3    None
 Animate Dead             Necr           N/A          1%          4    ##.....
 Conjure Flame            Conj/Fire      ####....     2%          3    None
 Agony                    Necr           #####...     2%          5    #####..
 Dispel Undead            Necr           #####...     2%          5    #####..
 Mephitic Cloud           Conj/Pois/Air  ###.....     5%          3    None
 Summon Butterflies       Summ           #.......     8%          1    None
 Call Imp                 Summ           #.......     11%         2    None
 Alistair's Intoxication  Tmut/Pois      #.......     90%         5    #####..
 Excruciating Wounds      Chrm/Necr      Unusable     N/A         5    N/A

Dungeon Overview and Level Annotations

Branches:
Dungeon (1/1)

Altars:
Cheibriados
Dithmenos
Elyvilon
Fedhas
Gozag
Hepliaklqana
Kikubaaqudgha
Makhleb
Nemelex Xobeh
Okawaru
Qazlal
Ru
Sif Muna
Trog
Uskayaw
Vehumet
Wu Jian
Xom
Yredelemnul
Zin
The Shining One
Beogh
Jiyva
Lugonu

Shops:
D [%::(%:

Annotations:
D Mennas


Innate Abilities, Weirdness & Mutations

You cannot wear armour.
You are incapable of wielding weapons or throwing items.
Your paws allow you to move quietly. (Stealth)
You have sharp claws.
You have razor-sharp teeth.
You have supernaturally acute eyesight. (SInv)
You are carnivorous and can eat meat at any time.
You cover ground quickly.
Your thick and shaggy fur keeps you warm. (AC +3, rC+)
You have a slow metabolism.
Your sharp claws are effective at attacking unaware monsters.
You have a pair of small antennae on your head.
You are resistant to electric shocks. (rElec)


Message History

You feel yourself slow down.
You feel sick.
You are engulfed in dark miasma.
You are more poisoned.
You feel your flesh rotting away!
You feel very sick.
This door is marked as excluded!
Open it anyway?
You open the door.
You are engulfed in dark miasma.
You are more poisoned.
* * * LOW HITPOINT WARNING * * *
You feel extremely sick.
* * * LOW HITPOINT WARNING * * *
You feel very sick.
There is an open door here.
Casting: Vampiric Draining (safe; 1% risk of failure)
Confirm with . or Enter, or press ? or * to list all spells.
Okay, then.
Unknown command.
* * * LOW HITPOINT WARNING * * *
You feel very sick.
You close the door.
You die...
Your body glows slightly and disappears.

♣♣♣##'########
♣♣♣♣♣♣♣♣♣♣♣♣ #...'(§§§≈#
.##≈≈≈≈≈≈..# {#...#.≈≈≈≈#
#.#≈≈≈≈≈...# {#)..#.#≈≈≈#
.##'≈≈≈≈≈####+#####.#)≈≈≈#
...#≈≈......$°#)....#
#≈§§§
#.)#≈..'#######.....#{
c≈§≈ ####...#())...#..)..#
##≈≈ #......#♣♣♣._.#.@...#
°.#c≈ #+######
#####+#####☼○○# #÷♣♣
#☼○°°○§°○○+{ #♣.♣
#§############# ♣.♣♣
#☼#%PP..i§....+ ♣♣.♣
#○#PP..ii.##### ♣.♣♣
#°#P...A### ♣.♣♣ #°#..c##
{ ♣..♣ #.#.#


There were no monsters in sight!

Vanquished Creatures
  Xtahua (D)
  A deep elf blademaster (D)
  Rupert (D)
  Harold (D)
  Gastronok (D)
  2 dire elephants (D)
  A minotaur (D)
  A yaktaur captain (D)
  2 hydras (D)
  4 anacondas (D)
  A centaur warrior (D)
  2 death yaks (D)
  Urug (D)
  A spriggan druid (D)
  A death drake (D)
  An unseen horror (D)
  A glowing orange brain (D)
  A lindwurm (D)
  6 deep elf magi (D)
  2 elephants (D)
  A guardian serpent (D)
  3 black mambas (D)
  A rime drake (D)
  2 spiny frogs (D)
  A komodo dragon (D)
  A queen bee (D)
  A tyrant leech (D)
  A spriggan defender (D)
  A slime creature (D)
  7 blink frogs (D)
  3 wandering mushrooms (D)
  2 spriggans (D)
  A shadow (D)
  3 redbacks (D)
  A spatial vortex (D)
  2 nagas (D)
  2 water moccasins (D)
  A hell hound (D)
  A swamp drake (D)
  An ice beast (D)
  A necrophage (D)
  2 centaurs (D)
  An earth elemental (D)
  A scorpion (D)
  27 killer bees (D)
  An electric eel (D)
  2 orc priests (D)
  A jelly (D)
  2 orc wizards (D)
  A wizard (D)
  Jessica (D)
  A necromancer (D)
  4 humans (D)
  A kobold demonologist (D)
  2 adders (D)
  An ooze (D)
  4 orcs (D)
  2 rats (D)
123 creatures vanquished.

Vanquished Creatures (collateral kills)
  Snorg (D)
  2 anacondas (D)
  2 death yaks (D)
  An orc sorcerer (D)
  A mana viper (D)
  A black mamba (D)
  A blink frog (D)
  A water moccasin (D)
  An orc warrior (D)
  3 killer bees (D)
  2 orc priests (D)
  An orc wizard (D)
  3 adders (D)
  7 orcs (D)
27 creatures vanquished.

Vanquished Creatures (others)
  2 deep elf blademasters (D)
  2 draconian scorchers (D)
  Nessos (D)
  A fire dragon (D)
  A hydra (D)
  6 hellions (D)
  3 yaktaurs (D)
  A hornet (D)
  2 orc high priests (D)
  A hell hound (D)
  A water moccasin (D)
  2 killer bees (D)
  3 ball lightnings (D)
  8 ballistomycetes (D)
  6 ballistomycete spores (D)
  41 plants (D)
81 creatures vanquished.

Grand Total: 231 creatures vanquished

Notes
Turn   | Place    | Note
-------+----------+-------------------------------------------
     0 | D        | MikeHunt the Felid Necromancer began the quest for the Orb.
     0 | D        | Reached XP level 1. HP: 7/7 MP: 4/4
    12 | D        | Reached skill level 4 in Stealth
    84 | D        | Killed a yaktaur
   118 | D        | Killed a hellion
   119 | D        | Killed a hellion
   119 | D        | Killed a hellion
   130 | D        | Killed a hellion
   130 | D        | Killed a hellion
   142 | D        | Killed a hellion
   237 | D        | Killed a white draconian scorcher
   283 | D        | Killed a white draconian scorcher
   319 | D        | Noticed Jessica
   349 | D        | Killed Jessica
   349 | D        | Reached skill level 6 in Stealth
   349 | D        | Reached XP level 2. HP: 4/11 MP: 0/6
   349 | D        | Reached XP level 3. HP: 5/14 MP: 0/7
   565 | D        | Noticed a scorpion
   595 | D        | Killed a scorpion
   595 | D        | Reached skill level 8 in Stealth
   595 | D        | Reached skill level 5 in Unarmed Combat
   595 | D        | Reached XP level 4. HP: 1/18 MP: 0/8
   879 | D        | Learned a level 3 spell: Vampiric Draining
   946 | D        | Reached skill level 9 in Stealth
   963 | D        | Gained mutation: You are resistant to electric shocks.
                  | (rElec) [potion of mutation]
   963 | D        | Gained mutation: You have a pair of small antennae on your
                  | head. [potion of mutation]
  1114 | D        | Noticed a water elemental
  1153 | D        | Slain by a water elemental
  1154 | D        | Reached XP level 3. HP: -2/14 MP: 7/7
  1169 | D        | Found a radiant altar of Vehumet.
  1170 | D        | Found a deep blue altar of Sif Muna.
  1170 | D        | Found an ancient bone altar of Kikubaaqudgha.
  1170 | D        | Noticed a wizard
  1171 | D        | Killed a wizard
  1171 | D        | Reached skill level 10 in Stealth
  1171 | D        | Reached XP level 4. HP: 18/18 MP: 8/8
  1188 | D        | Found a basalt altar of Yredelemnul.
  1188 | D        | Found a shadowy altar of Dithmenos.
  1188 | D        | Found a sacrificial altar of Ru.
  1188 | D        | Noticed a necrophage
  1197 | D        | Killed a necrophage
  1197 | D        | Reached skill level 11 in Stealth
  1197 | D        | Reached skill level 5 in Necromancy
  1197 | D        | Reached XP level 5. HP: 19/21 MP: 9/9
  1215 | D        | Noticed a shadow
  1217 | D        | Killed a shadow
  1217 | D        | Reached skill level 12 in Stealth
  1217 | D        | Gained mutation: You are covered in thick fur. (AC +2)
                  | [Felid growth]
  1217 | D        | Reached XP level 6. HP: 24/24 MP: 10/10
  1221 | D        | Reached skill level 13 in Stealth
  1224 | D        | Found a blossoming altar of Fedhas.
  1224 | D        | Found a stormy altar of Qazlal.
  1225 | D        | Found a snail-covered altar of Cheibriados.
  1225 | D        | Found a burning altar of Makhleb.
  1225 | D        | Found a hazy altar of Hepliaklqana.
  1225 | D        | Found a shimmering altar of Xom.
  1225 | D        | Found an opulent altar of Gozag.
  1225 | D        | Found a sparkling altar of Nemelex Xobeh.
  1225 | D        | Found a corrupted altar of Lugonu.
  1225 | D        | Found a viscous altar of Jiyva.
  1225 | D        | Noticed a spatial vortex
  1227 | D        | Killed a spatial vortex
  1231 | D        | Became a worshipper of Nemelex Xobeh the Trickster
  1250 | D        | Received a gift from Nemelex Xobeh
  1250 | D        | Found a glowing silver altar of Zin.
  1250 | D        | Found a glowing golden altar of the Shining One.
  1250 | D        | Found a white marble altar of Elyvilon.
  1250 | D        | Noticed a deep elf mage
  1253 | D        | Killed a deep elf mage
  1253 | D        | Reached XP level 7. HP: 27/27 MP: 10/14
  1261 | D        | Found a hide-covered altar of Uskayaw.
  1261 | D        | Found an iron altar of Okawaru.
  1262 | D        | Found a roughly hewn altar of Beogh.
  1262 | D        | Found a bloodstained altar of Trog.
  1262 | D        | Found an ornate altar of the Wu Jian Council.
  1262 | D        | Noticed a human
  1262 | D        | Noticed a human
  1264 | D        | Killed a human
  1264 | D        | Reached skill level 1 in Fighting
  1264 | D        | Reached XP level 8. HP: 33/33 MP: 11/15
  1265 | D        | Reached skill level 5 in Dodging
  1285 | D        | Noticed Snorg
  1297 | D        | Killed Snorg
  1297 | D        | Reached skill level 5 in Fighting
  1297 | D        | Reached skill level 5 in Invocations
  1313 | D        | Noticed an orc sorcerer
  1322 | D        | Noticed a smoke demon
  1359 | D        | Killed an orc sorcerer
  1359 | D        | Reached XP level 9. HP: 9/41 MP: 16/16
  1547 | D        | Learned a level 2 spell: Blink
  1553 | D        | Learned a level 3 spell: Regeneration
  1573 | D        | Killed a fire dragon
  1608 | D        | Reached skill level 1 in Charms
  1608 | D        | Reached skill level 1 in Translocations
  1643 | D        | Found Jiuren's Book Boutique.
  1646 | D        | Reached * piety under Nemelex Xobeh
  1661 | D        | Bought a book of Death for 770 gold pieces
  1687 | D        | Noticed a centaur warrior
  1706 | D        | Killed a centaur warrior
  1706 | D        | Reached skill level 5 in Charms
  1713 | D        | Reached skill level 5 in Spellcasting
  1805 | D        | Learned a level 5 spell: Bolt of Draining
  1922 | D        | Killed a yaktaur
  1991 | D        | Reached ** piety under Nemelex Xobeh
  1992 | D        | Noticed an unseen horror
  1994 | D        | Killed an unseen horror
  1997 | D        | Noticed a wandering mushroom
  2001 | D        | Noticed a wandering mushroom
  2003 | D        | Noticed a wandering mushroom
  2016 | D        | Received a gift from Nemelex Xobeh
  2019 | D        | Noticed a queen bee
  2036 | D        | Reached skill level 5 in Conjurations
  2551 | D        | Reached XP level 10. HP: 16/45 MP: 3/18
  2679 | D        | Bought a book of Party Tricks for 550 gold pieces
  3340 | D        | Noticed Harold
  3340 | D        | Noticed Joseph
  3389 | D        | Reached skill level 10 in Necromancy
  3505 | D        | Noticed a spiny frog
  3505 | D        | Noticed a spiny frog
  3509 | D        | Killed a spiny frog
  3509 | D        | Killed a spiny frog
  3512 | D        | Received a gift from Nemelex Xobeh
  3608 | D        | Reached skill level 14 in Stealth
  3619 | D        | Reached *** piety under Nemelex Xobeh
  3633 | D        | Received a gift from Nemelex Xobeh
  3654 | D        | Reached skill level 15 in Stealth
  3927 | D        | Reached skill level 10 in Unarmed Combat
  4027 | D        | Noticed an elephant
  4027 | D        | Noticed an elephant
  4058 | D        | Killed an elephant
  4058 | D        | Reached XP level 11. HP: 43/49 MP: 1/21
  4078 | D        | Noticed a dire elephant
  4177 | D        | Noticed Gastronok
  4365 | D        | Noticed a dire elephant
  4411 | D        | Killed a dire elephant
  4411 | D        | Reached skill level 10 in Dodging
  4538 | D        | Killed Gastronok
  4658 | D        | Noticed a minotaur
  4658 | D        | a dire elephant changed into a minotaur
  4658 | D        | Noticed Joseph
  4658 | D        | Joseph changed into Joseph the ice beast
  4724 | D        | Mangled by a minotaur
  4725 | D        | Reached XP level 10. HP: -11/47 MP: 22/24
  4750 | D        | Killed Joseph the ice beast
  4756 | D        | Killed Harold
  4832 | D        | Noticed a yaktaur captain
  4838 | D        | Killed a yaktaur captain
  4977 | D        | Noticed a lindwurm
  4979 | D        | Received a gift from Nemelex Xobeh
  4980 | D        | Killed a lindwurm
  4980 | D        | Reached XP level 11. HP: 50/50 MP: 27/27
  5161 | D        | Killed a minotaur
  5161 | D        | Reached skill level 10 in Invocations
  5429 | D        | Reached **** piety under Nemelex Xobeh
  5432 | D        | Noticed an azure jelly
  5433 | D        | Noticed an azure jelly
  5433 | D        | Noticed an azure jelly
  5479 | D        | Noticed Urug
  5481 | D        | Killed Urug
  5486 | D        | Noticed a five-headed hydra
  5486 | D        | Noticed an eight-headed hydra
  5495 | D        | Killed an eight-headed hydra
  5521 | D        | Killed a five-headed hydra
  5596 | D        | Received a gift from Nemelex Xobeh
  5598 | D        | Noticed a death drake
  5602 | D        | Killed a death drake
  5613 | D        | Found a blossoming altar of Fedhas.
  5613 | D        | Noticed a spriggan druid
  5615 | D        | Paralysed by a spriggan for 5 turns
  5623 | D        | Killed a spriggan druid
  5638 | D        | Noticed a ghost moth
  5645 | D        | Killed Nessos
  5674 | D        | Killed a deep elf blademaster
  5727 | D        | Noticed a glowing orange brain
  5727 | D        | a ghost moth changed into a glowing orange brain
  5736 | D        | Killed a glowing orange brain
  5872 | D        | Received a gift from Nemelex Xobeh
  5873 | D        | Found Ytidweun's Antique Weapon Emporium.
  5873 | D        | Found Tekuur's Food Shop.
  5873 | D        | Found Qonutops's Book Shoppe.
  5873 | D        | Noticed a fire dragon
  5929 | D        | Reached ***** piety under Nemelex Xobeh
  5929 | D        | Noticed Rupert
  5933 | D        | Killed Rupert
  5933 | D        | Reached skill level 16 in Stealth
  5933 | D        | Gained mutation: Your thick and shaggy fur keeps you warm.
                  | (AC +3, rC+) [Felid growth]
  5933 | D        | Reached XP level 12. HP: 54/54 MP: 28/28
  5939 | D        | Noticed a death yak
  5940 | D        | Noticed a death yak
  5941 | D        | Noticed a death yak
  5943 | D        | Noticed a death yak
  5944 | D        | Killed a death yak
  5944 | D        | Reached skill level 17 in Stealth
  5958 | D        | Identified the +1 long sword of Absolution {slice, *Rage
                  | rPois rN+ SInv}
  5965 | D        | Killed a death yak
  5971 | D        | Killed a death yak
  5985 | D        | Killed a death yak
  5999 | D        | Reached skill level 18 in Stealth
  6047 | D        | Killed a deep elf blademaster
  6338 | D        | Received a gift from Nemelex Xobeh
  6346 | D        | Received a gift from Nemelex Xobeh
  6346 | D        | Noticed an anaconda
  6347 | D        | Noticed an anaconda
  6356 | D        | Killed an anaconda
  6358 | D        | Killed an anaconda
  6371 | D        | Noticed an anaconda
  6372 | D        | Noticed an anaconda
  6373 | D        | Killed an anaconda
  6373 | D        | Reached skill level 19 in Stealth
  6382 | D        | Killed an anaconda
  6384 | D        | Received a gift from Nemelex Xobeh
  6384 | D        | Noticed an anaconda
  6384 | D        | Noticed an anaconda
  6390 | D        | Killed an anaconda
  6397 | D        | Killed an anaconda
  6501 | D        | Noticed a naga warrior
  6501 | D        | Noticed a nagaraja
  6511 | D        | Learned a level 6 spell: Invisibility
  6631 | D        | Reached skill level 1 in Hexes
  6691 | D        | a fire dragon changed into a slime creature
  6709 | D        | Noticed Xtahua
  6713 | D        | Killed Xtahua
  6721 | D        | Noticed a fire dragon
  6828 | D        | Received a gift from Nemelex Xobeh
  6831 | D        | a naga warrior changed into a mana viper
  6831 | D        | Noticed a dire elephant
  6831 | D        | a nagaraja changed into a dire elephant
  6841 | D        | Killed a dire elephant
  6841 | D        | Reached XP level 13. HP: 57/57 MP: 18/29
  6844 | D        | Found Korystom's Antique Armour Boutique.
  6844 | D        | Found Efroh Jirra's Food Emporium.
  6846 | D        | Found Lienn's Book Shop.
  6870 | D        | Got a serpentine rune of Zot
  7041 | D        | Reached skill level 15 in Invocations
  7084 | D        | Noticed a deep elf blademaster
  7097 | D        | Killed a deep elf blademaster
  7205 | D        | Received a gift from Nemelex Xobeh
  7215 | D        | Succumbed to poison (dark miasma)
  7216 | D        | Reached XP level 12. HP: -5/55 MP: 24/28
  7216 | D        | Received a gift from Nemelex Xobeh
  7217 | D        | Noticed Mennas
  7219 | D        | Reached ****** piety under Nemelex Xobeh
  7221 | D        | Mangled by a spriggan defender
  7222 | D        | Reached XP level 11. HP: -11/53 MP: 23/27
  7227 | D        | Succumbed to poison (dark miasma)

Levels and vault maps discovered:
D:        dungeon_sprint_mu [sprint_mu_entry_forest, sprint_mu_temple_rooms,
          sprint_mu_d1_horrors, sprint_mu_d2_genie, sprint_mu_d3_branching,
          sprint_mu_orc_legion, sprint_mu_elf_gauntlet, sprint_mu_hive_nellie,
          sprint_mu_lair_fedhas, sprint_mu_vaults_butterflies,
          sprint_mu_slime_circle, sprint_mu_swamp_cave, sprint_mu_snake_twists,
          sprint_mu_blade_basic, sprint_mu_crypt_fortress,
          sprint_mu_tomb_spiral, sprint_mu_vestibule_basic,
          sprint_mu_gehenna_hellfire, sprint_mu_dis_giant,
          sprint_mu_tartarus_statrot, sprint_mu_cocytus_islands, sprint_mu_zot1]

Skill      XL: |  1  2  3  4  5  6  7  8  9 10 11 12 13 |
---------------+----------------------------------------+-----
Stealth        | 6 10 11 12 13 15 16 19 | 19.9
Unarmed Combat | 4 5 7 9 10 11 14 | 14.0
Necromancy     | 5 7 8 11 | 11.0
Evocations     | 9 |  9.2
Fighting       | 1 6 7 9 |  9.1
Dodging        | 4 8 9 10 11 | 11.9
Invocations    | 2 6 8 14 15 | 15.4
Charms         | 5 |  5.5
Translocations | 6 |  6.6
Spellcasting   | 5 11 9 | 11.6
Conjurations   | 6 9 |  9.8
Hexes          | 13 | 13.8

Action                   |  1- 3 |  4- 6 |  7- 9 | 10-12 | 13-15 || total
-------------------------+-------+-------+-------+-------+-------++-------
Melee: Unarmed           |    22 |    18 |    74 |   173 |    31 ||   318
       Bite              |     2 |       |     7 |    17 |     3 ||    29
       Punch             |       |     1 |     1 |    13 |     2 ||    17
 Cast: Pain              |    14 |    10 |     1 |    14 |       ||    39
       Vampiric Draining |       |     1 |    19 |    35 |     9 ||    64
       Bolt of Draining  |       |       |     4 |    73 |     1 ||    78
       Regeneration      |       |       |       |    11 |     1 ||    12
       Blink             |       |       |       |     2 |     1 ||     3
       Invisibility      |       |       |       |       |     1 ||     1
 Abil: Draw Destruction  |       |       |     3 |    30 |       ||    33
       Draw Summoning    |       |       |     2 |    11 |       ||    13
       Draw Escape       |       |       |     1 |     2 |       ||     3
Evoke: Sack of spiders   |       |       |     1 |       |       ||     1
  Use: Potion            |       |     1 |     2 |     1 |       ||     4
       Scroll            |       |       |       |     2 |     1 ||     3
 Stab: Sleeping          |     1 |     5 |     4 |    15 |     1 ||    26
       Distracted        |       |       |       |     3 |       ||     3
       Paralysed         |       |       |       |     1 |       ||     1
       Invisible         |       |       |       |       |     2 ||     2
  Eat: Chunk             |     6 |       |     8 |    31 |     2 ||    47
       Ration            |       |       |       |     3 |       ||     3
Armor: Skin              |       |       |     5 |     4 |       ||     9
Dodge: Dodged            |    15 |     7 |   131 |   238 |    31 ||   422

Table legend:
 A = Non-vault XP
 B = Vault XP
 C = Vault XP percentage of total XP
 D = Non-vault monster count
 E = Vault monster count
 F = Vault count percentage of total count
                 A         B        C        D         E       F
            +---------+---------+-------+---------+---------+-------
      Total |       0 |   51742 | 100.0 |       0 |     153 | 100.0
            +---------+---------+-------+---------+---------+-------
          D |       0 |   51742 | 100.0 |       0 |     153 | 100.0
            +---------+---------+-------+---------+---------+-------
